 Dungeon Crawl Stone Soup version 0.30-a0-12-gd8047c6341 (webtiles) character file.

Game seed: 10353912835797933496

34 SensoryNuts the Shield-Bearer (level 3, -2/25 HPs)
             Began as a Vampire Fighter on Aug 23, 2022.
             Slain by an iguana (6 damage)
             ... on level 4 of the Dungeon.
             The game lasted 00:01:17 (964 turns).

SensoryNuts the Shield-Bearer (Vampire Fighter)      Turns: 964, Time: 00:01:18

Health: -2/25      AC:  6    Str: 15    XL:     3   Next: 14%
Magic:  3/3        EV:  8    Int: 10    God:
Gold:   61         SH:  5    Dex: 15    Spells: 2/2 levels left

rFire   + . .      SeeInvis +    a - +1 war axe
rCold   + . .      Faith    .    c - +0 buckler
rNeg    . . .      Spirit   .    b - +0 scale mail
rPois   .          Reflect  .    (no helmet)
rElec   +          Harm     .    g - scarf {rC+ rF+}
rCorr   .          Rampage  .    (no gloves)
Will    .....                    (no boots)
Stlth   ..........               (no amulet)
HPRegen 0.28/turn                (no ring)
MPRegen 0.08/turn                (no ring)

@: mighty, healing quickly
A: alive, fangs 3, see invisible, vampiric 2, hooves 1, deterioration 1, frail
1, electricity resistance
a: Exsanguinate


You were on level 4 of the Dungeon.
You visited 1 branch of the dungeon, and saw 3 of its levels.

You collected 61 gold pieces.

Inventory:

Hand Weapons
 a - a +1 war axe (weapon)
Armour
 b - a +0 scale mail (worn)
 c - a +0 buckler (worn)
 g - a scarf of resistance (worn)
Jewellery
 n - a ring of resist corrosion
Scrolls
 e - a scroll of immolation {unknown}
 h - a scroll of magic mapping
 j - a scroll of enchant weapon
 m - a scroll of identify {unknown}
Potions
 f - a potion of degeneration {unknown}
 i - a potion of curing {unknown}
 k - a potion of heal wounds
 l - a potion of magic {unknown}


   Skills:
 + Level 2.8 Fighting
 * Level 2.7 Axes
 + Level 2.7 Armour
 + Level 2.8 Shields


You had 2 spell levels left.
You didn't know any spells.
Your spell library was empty.

Dungeon Overview and Level Annotations

Branches:
Dungeon (4/15)
 Temple: D:4-7

Altars:


Innate Abilities, Weirdness & Mutations

Your natural rate of healing is accelerated.
You have razor-sharp teeth.
You have supernaturally acute eyesight. (SInv)
You are afflicted with vampirism and can become a bat while bloodless.
You have large cloven feet.
Your body sometimes deteriorates upon taking damage.
You are frail. (-10% HP)
You are resistant to electric shocks. (rElec)


Message History

You hit the scorpion. Your kick misses the scorpion.
The scorpion is lightly wounded.
You hit the iguana. The scorpion barely misses you. The iguana bites you!
The scorpion closely misses you.
You are too injured to fight recklessly!
You are too injured to fight recklessly!
You are too injured to fight recklessly!
You are too injured to fight recklessly!
You are too injured to fight recklessly!
You are too injured to fight recklessly!
You are too injured to fight recklessly!
You are too injured to fight recklessly!
You are too injured to fight recklessly!
You are too injured to fight recklessly!
You are too injured to fight recklessly!
You are too injured to fight recklessly!
You are too injured to fight recklessly!
You are too injured to fight recklessly!
You are too injured to fight recklessly!
You are too injured to fight recklessly!
Unknown command.
The scorpion attacks as you move away! The scorpion barely misses you.
The iguana attacks as you move away!
The iguana bites you but does no damage.
You feel very mighty all of a sudden. The iguana barely misses you.
The scorpion stings you.
You slash the scorpion! Your kick misses the scorpion. You bite the scorpion.
The scorpion is almost dead.
You hit the iguana.
The scorpion stings you but does no damage.
The iguana bites you!
* * * LOW HITPOINT WARNING * * *
The scorpion stings you but does no damage.
The iguana closely misses you.
You barely miss the scorpion.
The scorpion is almost dead.
You closely miss the iguana.
The scorpion stings you but does no damage.
The iguana bites you.
You die...

#.###...........
#.#.............
##...............
###................
..................
#...#............
...#.#$.....$... ##
#..#s......<.. ..
#..@l....!....
#.###..###.#######
####...#.# ..##
.........#.....
###............
##......<.###
#...#.##.## #...#..
.# #...#### #


You could see a scorpion and an iguana.

Vanquished Creatures
  A worm (D:2)
  2 dart slugs
  2 ball pythons
  An endoplasm (D:2)
  4 hobgoblins
  4 jackals (D:1)
  A kobold (D:1)
  2 quokkas
  A bat (D:1)
  2 frilled lizards (D:2)
  2 goblins
  3 rats
25 creatures vanquished.

Notes
Turn   | Place    | Note
-------+----------+-------------------------------------------
     0 | D:1      | SensoryNuts the Vampire Fighter began the quest for the
                  | Orb.
     0 | D:1      | Reached XP level 1. HP: 17/17 MP: 1/1
    27 | D:1      | Found a faded altar of an unknown god.
   164 | D:1      | Reached XP level 2. HP: 23/23 MP: 2/2
   455 | D:1      | Gained mutation: You are resistant to electric shocks.
                  | (rElec) [potion of mutation]
   455 | D:1      | Gained mutation: You have hidden genetic defects. [potion
                  | of mutation]
   455 | D:1      | Gained mutation: You have large cloven feet. [potion of
                  | mutation]
   595 | D:2      | Identified the +3 dagger of Dismay {holy, MP+9}
   786 | D:2      | Gained mutation: You are frail. (-10% HP) [hidden defects]
   848 | D:2      | Gained mutation: You are afflicted with vampirism and can
                  | become a bat while bloodless. [Vampire growth]
   848 | D:2      | Reached XP level 3. HP: 25/25 MP: 3/3
   889 | D:2      | Gained mutation: Your body sometimes deteriorates upon
                  | taking damage. [hidden defects]
   889 | D:2      | Lost mutation: You have hidden genetic defects. [hidden
                  | defects expressed]
   948 | D:2      | You fall into a shaft and drop 2 floors!
   954 | D:4      | Noticed a scorpion
   964 | D:4      | Slain by an iguana

Illustrated notes

Levels and vault maps discovered:
D:1:      wander_arrival_chamber, layout_basic, ebering_ecumenical_altar_mist
D:2:      layout_basic, minivault_26, minmay_misc_feat_iff, nrook_loot_triangle,
          uniq_crazy_yiuf_cottage, uniq_jessica
D:4:      layout_loops_ring, temple_green

Skill      XL: |  1 |
---------------+----+-----
Axes           | 2 |  2.7
Fighting       | |  2.8
Armour         | |  2.7
Shields        | |  2.8

Action                   || total
-------------------------++-------
Melee: War axe           ||    59
       Bite              ||     7
       Kick              ||     5
  Use: Scroll            ||     3
       Potion            ||     3
Armor: Scale mail        ||    28
Dodge: Dodged            ||    26
Block: Buckler           ||    12

Table legend: (Time is in decaauts)
 A = Elapsed time spent in this place.
 B = Non-inter-level travel time spent in this place.
 C = Inter-level travel time spent in this place.
 D = Time resting spent in this place.
 E = Time spent auto-exploring this place.
 F = Levels seen in this place.
 G = Mean time per level.
                   A        B        C        D        E       F      G
               +--------+--------+--------+--------+--------+-----+--------+
         Total |    987 |    896 |     91 |      0 |    712 |   3 |  329.0 |
       Dungeon |    987 |    896 |     91 |      0 |    712 |   3 |  329.0 |
               +--------+--------+--------+--------+--------+-----+--------+

Top non-repeatable levels by time:
     D:1: 562 daAuts
     D:2: 408 daAuts
     D:4: 17 daAuts
